 Dungeon Crawl Stone Soup version 0.30-a0-722-g3e6e8c874d (webtiles) character file.

Game seed: 16327803956586698757

91 warriortoast the Trooper (level 4, -2/39 HPs)
             Began as a Barachi Fighter on Jan 27, 2023.
             Succumbed to an orc's poison
             ... on level 3 of the Dungeon.
             The game lasted 00:02:06 (1483 turns).

warriortoast the Trooper (Barachi Fighter)          Turns: 1483, Time: 00:02:07

Health: -2/39      AC:  8    Str: 17    XL:     4   Next: 59%
Magic:  4/4        EV:  9    Int:  9    God:
Gold:   170        SH:  4    Dex: 13    Spells: 3/3 levels left

rFire   . . .      SeeInvis .    a - +0 war axe
rCold   . . .      Faith    .    c - +0 buckler
rNeg    . . .      Spirit   .    b - +0 scale mail
rPois   .          Reflect  .    (no helmet)
rElec   .          Harm     .    (no cloak)
rCorr   .          Rampage  .    (no gloves)
Will    .....                    e - +0 pair of boots Stlth
                                 (no amulet)
HPRegen 0.26/turn                (no ring)
MPRegen 0.09/turn                (no ring)

@: lethally poisoned (-2 -> -24), slow
A: amphibious, slowness 1, strong legs 1, +LOS
a: Hop


You were on level 3 of the Dungeon.
You visited 1 branch of the dungeon, and saw 3 of its levels.

You collected 170 gold pieces.

Inventory:

Hand Weapons
 a - a +0 war axe (weapon)
Missiles
 g - 4 poisoned darts (quivered)
Armour
 b - a +0 scale mail (worn)
 c - a +0 buckler (worn)
 e - a +0 pair of boots (worn)
Jewellery
 j - a ring of ice
Wands
 s - a wand of iceblast (6)
Scrolls
 h - 3 scrolls of teleportation {unknown}
 k - a scroll of immolation {unknown}
 m - 2 scrolls of identify {unknown}
 p - a scroll of torment {unknown}
 q - a scroll of enchant weapon {unknown}
 v - 3 scrolls of fear {unknown}
Potions
 d - a potion of might
 f - a potion of berserk rage {unknown}
 i - a potion of heal wounds {unknown}
 l - a potion of degeneration {unknown}
 n - a potion of lignification {unknown}
 o - a potion of mutation {unknown}
 r - a potion of invisibility {unknown}
 t - 3 potions of curing {unknown}
 u - a potion of flight {unknown}


   Skills:
 + Level 5.1 Fighting
 + Level 3.9 Axes
 - Level 3.6 Armour
 - Level 3.2 Shields


You had 3 spell levels left.
You didn't know any spells.
Your spell library contained the following spells:

 Spells                   Type           Power      Damage    Failure   Level
 Lesser Beckoning         Tloc           0%         N/A       95%         2
 Gell's Gravitas          Tloc           0%         N/A       99%         3
 Teleport Other           Tloc           0%         N/A       99%         3


Dungeon Overview and Level Annotations

Branches:
Dungeon (3/15)

Altars:
The Shining One


Innate Abilities, Weirdness & Mutations

You are amphibious.
You cover ground slowly.
You can hop short distances.
You have an extended range of vision and can be seen from far away.


Message History

The orc wizard hits you but does no damage.
You hit the goblin but do no damage.
You hit the orc wizard but do no damage.
The goblin hits you but does no damage.
The orc wizard points at you and mumbles some strange words.
You are confused.
You slash the goblin!
You kill the goblin!
You slash the orc wizard!
The orc wizard hits you but does no damage.
The orc throws a boomerang.
The boomerang barely misses you.
The orc throws a boomerang.
The boomerang hits you.
The orc wizard hits you but does no damage.
You closely miss the orc wizard.
The orc wizard is almost dead.
The orc wizard mumbles some strange words.
The orc wizard flickers and vanishes!
Deactivating autopickup; reactivate with Ctrl-A.
The orc shouts!
Something hits you but does no damage.
An orc comes into view. It is wielding a +0 dagger.
You are too confused!
You're too confused to move!
The orc shouts!
Something hits you but does no damage.
You feel less confused. Something hits you.
Items here: )) [ †.
You block something's attack.
The orc hits you with a +1 flail of venom.
You are lethally poisoned!
The orc hits you with a +1 flail of venom.
* * * LOW HITPOINT WARNING * * *
You are more poisoned.
You hear some strange, mumbled words.
A puff of flame appears from out of thin air!
The puff of flame hits you.
* * * LOW HITPOINT WARNING * * *
You closely miss something. You hit the orc.
You die...

.##.##..########
#...#>.........
#...##.######## #...##.#
##.###.# # .##.###.####
...# #...........# .....
####.###.##.######.....#
#.##)@{........#
#.....o.....#.##
#.......!...#
...............#
..........o.......#
##..♣♣♣.o.........# #.♣
#♣.........## #.
♣.##.##..## ♣..#.# .##


You could see 3 orcs.

Vanquished Creatures
  2 adders (D:2)
  3 worms (D:2)
  2 orcs (D:3)
  6 bats
  5 endoplasms
  3 giant cockroaches
  3 goblins
  5 hobgoblins
  4 jackals (D:1)
  7 kobolds
  2 quokkas (D:1)
  5 ball pythons
  5 frilled lizards
  6 rats
  2 butterflies (D:1)
60 creatures vanquished.

Vanquished Creatures (others)
  4 plants (D:1)
4 creatures vanquished.

Grand Total: 64 creatures vanquished

Notes
Turn   | Place    | Note
-------+----------+-------------------------------------------
     0 | D:1      | warriortoast the Barachi Fighter began the quest for the
                  | Orb.
     0 | D:1      | Reached XP level 1. HP: 18/18 MP: 1/1
    90 | D:1      | Reached XP level 2. HP: 25/25 MP: 2/2
    93 | D:1      | Reached skill level 4 in Fighting
   313 | D:1      | Reached XP level 3. HP: 28/31 MP: 3/3
   831 | D:2      | Reached XP level 4. HP: 38/38 MP: 4/4
  1055 | D:2      | Reached skill level 5 in Fighting
  1290 | D:3      | Found a glowing golden altar of the Shining One.
  1483 | D:3      | Succumbed to an orc's poison

Illustrated notes

Levels and vault maps discovered:
D:1:      spicycebolla_arrival_clurvy, layout_basic
D:2:      layout_rooms, amcnicky_mini_pool_small, minmay_split_cup_large
D:3:      layout_loops_ring, mainiacjoe_overflow_alcove_2, tso_metal_star,
          minmay_stone_trees_small, minmay_cut_off, uniq_robin

Skill      XL: |  1  2  3  4 |
---------------+-------------+-----
Fighting       | 4 5 |  5.1
Axes           | 3 |  3.9
Armour         | |  3.6
Shields        | |  3.2

Action                     |  1- 3 |  4- 6 || total
---------------------------+-------+-------++-------
  Melee: War axe           |   102 |    60 ||   162
  Throw: Dart              |     4 |       ||     4
 Armour: Scale mail        |    57 |    34 ||    91
  Dodge: Dodged            |    49 |    30 ||    79
  Block: Buckler           |    28 |    19 ||    47

Table legend: (Time is in decaauts)
 A = Elapsed time spent in this place.
 B = Non-inter-level travel time spent in this place.
 C = Inter-level travel time spent in this place.
 D = Time resting spent in this place.
 E = Time spent auto-exploring this place.
 F = Levels seen in this place.
 G = Mean time per level.
                   A        B        C        D        E       F      G
               +--------+--------+--------+--------+--------+-----+--------+
         Total |   1768 |   1746 |     22 |      0 |   1299 |   3 |  589.3 |
       Dungeon |   1768 |   1746 |     22 |      0 |   1299 |   3 |  589.3 |
               +--------+--------+--------+--------+--------+-----+--------+

Top non-repeatable levels by time:
     D:1: 821 daAuts
     D:2: 637 daAuts
     D:3: 309 daAuts
